[ PARTIDA AOE2 · #473873329 ]
UnrankedEspañoles vs Malay
[ ANÁLISIS DE REPETICIÓN · EXTRAÍDO DE LA PARTIDA GRABADA ]
Feudal
—
Castillos
—
Imperial
—
| APM promedio | 10.8 |
| APM pico | 29 |
| eAPM promedio | 7.0 |
| Aldeanos / militares | 58 / 1 |
Foco
⚔️ 4.4% · 🌾 95.6%
Trade Cart ×7 · Monk ×1
Feudal
—
Castillos
—
Imperial
—
| APM promedio | 18.9 |
| APM pico | 38 |
| eAPM promedio | 12.7 |
| Aldeanos / militares | 81 / 32 |
Foco
⚔️ 11.6% · 🌾 88.4%
Battle Elephant ×32
Feudal
—
Castillos
—
Imperial
—
| APM promedio | 14.3 |
| APM pico | 54 |
| eAPM promedio | 6.6 |
| Aldeanos / militares | 63 / 2 |
Foco
⚔️ 7.7% · 🌾 92.3%
Fire Lancer ×2
Feudal
—
Castillos
—
Imperial
—
| APM promedio | 8.8 |
| APM pico | 37 |
| eAPM promedio | 6.9 |
| Aldeanos / militares | 58 / 26 |
Foco
⚔️ 27.6% · 🌾 72.4%
Leitis ×25 · Trebuchet (Packed) ×1
Feudal
—
Castillos
—
Imperial
—
| APM promedio | 12.9 |
| APM pico | 41 |
| eAPM promedio | 7.7 |
| Aldeanos / militares | 40 / 15 |
Foco
⚔️ 15.0% · 🌾 85.0%
Unknown (2579) ×20 · Spearman ×14 · Unknown (2550) ×2 · Monk ×1
Feudal
—
Castillos
—
Imperial
—
| APM promedio | 10.6 |
| APM pico | 49 |
| eAPM promedio | 7.3 |
| Aldeanos / militares | 64 / 30 |
Foco
⚔️ 16.5% · 🌾 83.5%
Knight ×17 · Throwing Axeman ×12 · Trade Cart ×6 · Monk ×1
Feudal
—
Castillos
—
Imperial
—
| APM promedio | 14.0 |
| APM pico | 32 |
| eAPM promedio | 10.8 |
| Aldeanos / militares | 59 / 188 |
Foco
⚔️ 56.0% · 🌾 44.0%
Knight ×188
Feudal
—
Castillos
—
Imperial
—
| APM promedio | 14.6 |
| APM pico | 66 |
| eAPM promedio | 7.4 |
| Aldeanos / militares | 56 / 53 |
Foco
⚔️ 26.5% · 🌾 73.5%
Spearman ×28 · Archer ×11 · Trade Cart ×7 · Knight ×5 · Skirmisher ×5 · Scorpion ×4
Mapa de la partida
Recursos iniciales + cada clic de construcción. Líneas = muros · curvas = relieve. ◆ oro · ⬟ piedra · ● bayas · ✦ reliquia · ◌ hueco del cierre
Tu base· Abierta — flanco sin cerrar
Base de G.Best· Abierta — flanco sin cerrar
Base de Moonblossom· Abierta — flanco sin cerrar
Base de Reywell10· Abierta — flanco sin cerrar
Base de yoyo_berlin· Abierta — flanco sin cerrar
Base de davidjmartin00· Abierta — flanco sin cerrar
Base de vasquezrlf· Abierta — flanco sin cerrar
Base de waqarulhaq129
Terreno inicial suavizado · ◌ = hueco del cierre detectado · pasá el cursor para detalles
Inputs por minuto
— DOMINIVM97 - - G.Best
Build order — DOMINIVM97
128 acciones detectadas en el replay
| 0:07 | Construir | House |
| 0:11 | Crear | Villager (Male) |
| 0:12 | Crear | Villager (Male) |
| 0:12 | Crear | Villager (Male) |
| 0:12 | Crear | Villager (Male) |
| 0:12 | Crear | Villager (Male) |
| 0:35 | Construir | House |
| 0:57 | Construir | House |
| 1:00 | Construir | House |
| 1:39 | Crear | Villager (Male) |
| 2:16 | Crear | Villager (Male) |
| 2:16 | Crear | Villager (Male) |
| 2:42 | Crear | Villager (Male) |
| 3:07 | Crear | Villager (Male) |
| 3:08 | Crear | Villager (Male) |
| 3:34 | Crear | Villager (Male) |
| 3:34 | Crear | Villager (Male) |
| 3:53 | Construir | Mill |
| 4:15 | Crear | Villager (Male) |
| 4:54 | Crear | Villager (Male) |
| 4:55 | Crear | Villager (Male) |
| 5:03 | Crear | Villager (Male) |
| 5:45 | Crear | Villager (Male) |
| 6:15 | Crear | Villager (Male) |
| 6:15 | Crear | Villager (Male) |
| 6:58 | Crear | Villager (Male) |
| 7:27 | Crear | Villager (Male) |
| 7:35 | Construir | House |
| 7:38 | Construir | House |
| 7:50 | Construir | Lumber Camp |
| 8:44 | Crear | Villager (Male) |
| 8:57 | Investigar | Feudal Age |
| 9:03 | Construir | Mining Camp |
| 9:16 | Crear | Villager (Male) |
| 9:17 | Crear | Villager (Male) |
| 10:13 | Construir | Lumber Camp |
| 10:25 | Crear | Villager (Male) |
| 10:25 | Crear | Villager (Male) |
| 11:22 | Construir | Barracks |
| 11:28 | Investigar | Double-Bit Axe |
| 11:42 | Construir | Market |
| 12:04 | Construir | Farm |
| 12:10 | Construir | Farm |
| 12:15 | Construir | Farm |
| 12:34 | Construir | Farm |
| 12:37 | Investigar | Wheelbarrow |
| 12:38 | Crear | Villager (Male) |
| 12:38 | Crear | Villager (Male) |
| 12:59 | Construir | Farm |
| 13:12 | Construir | Blacksmith |
| 13:24 | Construir | Farm |
| 13:27 | Crear | Villager (Male) |
| 13:27 | Crear | Villager (Male) |
| 13:50 | Construir | Farm |
| 13:57 | Construir | Farm |
| 14:06 | Construir | Farm |
| 14:12 | Construir | Farm |
| 14:16 | Investigar | Horse Collar |
| 14:34 | Construir | Farm |
| 14:42 | Construir | Farm |
| 14:50 | Construir | Farm |
| 15:19 | Construir | Farm |
| 15:23 | Construir | Farm |
| 15:40 | Construir | House |
| 15:41 | Construir | House |
| 16:08 | Construir | Farm |
| 16:14 | Crear | Villager (Male) |
| 16:28 | Construir | Farm |
| 16:39 | Crear | Villager (Male) |
| 16:47 | Construir | Farm |
| 17:14 | Construir | Farm |
| 17:27 | Investigar | Castle Age |
| 17:32 | Investigar | Gold Mining |
| 18:24 | Construir | Stone Wall |
| 18:29 | Construir | Stone Wall |
| 18:40 | Crear | Villager (Male) |
| 18:40 | Crear | Villager (Male) |
| 18:41 | Crear | Villager (Male) |
| 18:41 | Crear | Villager (Male) |
| 18:55 | Crear | Trade Cart |
| 18:56 | Crear | Trade Cart |
| 18:57 | Crear | Trade Cart |
| 18:58 | Crear | Trade Cart |
| 19:03 | Investigar | Scale Mail Armor |
| 19:04 | Investigar | Scale Barding Armor |
| 19:06 | Investigar | Forging |
| 19:18 | Investigar | Stone Mining |
| 19:48 | Crear | Trade Cart |
| 19:51 | Crear | Trade Cart |
| 20:30 | Construir | Town Center |
| 20:47 | Investigar | Bow Saw |
| 21:28 | Crear | Villager (Male) |
| 21:30 | Investigar | Hand Cart |
| 21:31 | Crear | Villager (Male) |
| 21:32 | Crear | Villager (Male) |
| 21:32 | Crear | Villager (Male) |
| 21:32 | Crear | Villager (Male) |
| 21:32 | Crear | Villager (Male) |
| 21:39 | Crear | Villager (Male) |
| 21:40 | Crear | Villager (Male) |
| 21:40 | Crear | Villager (Male) |
| 21:59 | Investigar | Heavy Plow |
| 22:54 | Construir | Lumber Camp |
| 23:04 | Investigar | Caravan |
| 23:23 | Construir | House |
| 23:24 | Construir | House |
| 23:45 | Construir | Monastery |
| 23:51 | Investigar | Chain Mail Armor |
| 23:52 | Crear | Villager (Male) |
| 23:53 | Crear | Villager (Male) |
| 23:53 | Crear | Villager (Male) |
| 23:57 | Crear | Villager (Male) |
| 23:57 | Crear | Villager (Male) |
| 24:19 | Construir | House |
| 24:24 | Construir | House |
| 24:29 | Investigar | Stone Shaft Mining |
| 24:33 | Crear | Villager (Male) |
| 24:35 | Crear | Villager (Male) |
| 24:35 | Crear | Villager (Male) |
| 24:46 | Construir | Market |
| 24:48 | Crear | Monk |
| 25:02 | Construir | Farm |
| 25:13 | Crear | Trade Cart |
| 25:23 | Construir | Mining Camp |
| 25:28 | Crear | Villager (Male) |
| 25:29 | Crear | Villager (Male) |
| 25:34 | Crear | Villager (Male) |
| 25:34 | Crear | Villager (Male) |
Build order — G.Best
Primeras 150 de 212 acciones detectadas
| 0:14 | Crear | Villager (Male) |
| 0:14 | Crear | Villager (Male) |
| 0:14 | Crear | Villager (Male) |
| 0:15 | Crear | Villager (Male) |
| 0:15 | Crear | Villager (Male) |
| 0:18 | Construir | House |
| 0:23 | Construir | House |
| 1:57 | Construir | Lumber Camp |
| 2:02 | Crear | Villager (Male) |
| 2:02 | Crear | Villager (Male) |
| 2:25 | Crear | Villager (Male) |
| 2:25 | Crear | Villager (Male) |
| 2:54 | Crear | Villager (Male) |
| 3:19 | Crear | Villager (Male) |
| 3:44 | Crear | Villager (Male) |
| 3:44 | Crear | Villager (Male) |
| 3:48 | Construir | House |
| 4:24 | Construir | Mill |
| 4:31 | Crear | Villager (Male) |
| 4:31 | Crear | Villager (Male) |
| 5:01 | Crear | Villager (Male) |
| 5:01 | Crear | Villager (Male) |
| 5:01 | Crear | Villager (Male) |
| 5:43 | Crear | Villager (Male) |
| 6:19 | Crear | Villager (Male) |
| 6:19 | Crear | Villager (Male) |
| 6:22 | Construir | House |
| 6:29 | Construir | Lumber Camp |
| 6:40 | Crear | Villager (Male) |
| 6:40 | Crear | Villager (Male) |
| 6:56 | Crear | Villager (Male) |
| 6:57 | Crear | Villager (Male) |
| 6:57 | Crear | Villager (Male) |
| 8:06 | Crear | Villager (Male) |
| 8:07 | Crear | Villager (Male) |
| 8:09 | Crear | Villager (Male) |
| 8:28 | Construir | House |
| 8:45 | Construir | Mill |
| 9:30 | Crear | Villager (Male) |
| 9:53 | Crear | Villager (Male) |
| 10:09 | Construir | Farm |
| 10:09 | Construir | Farm |
| 10:10 | Construir | Farm |
| 10:10 | Construir | Farm |
| 10:17 | Construir | Mining Camp |
| 10:21 | Crear | Villager (Male) |
| 10:38 | Crear | Villager (Male) |
| 10:59 | Investigar | Loom |
| 11:11 | Construir | Farm |
| 11:11 | Construir | Farm |
| 11:35 | Investigar | Feudal Age |
| 12:02 | Construir | Barracks |
| 12:08 | Construir | House |
| 12:20 | Crear | Villager (Male) |
| 12:20 | Crear | Villager (Male) |
| 13:40 | Construir | Blacksmith |
| 13:46 | Construir | Stable |
| 14:00 | Crear | Villager (Male) |
| 14:43 | Crear | Villager (Male) |
| 15:29 | Investigar | Castle Age |
| 15:50 | Construir | Farm |
| 15:50 | Construir | Farm |
| 15:50 | Construir | Farm |
| 15:51 | Construir | Farm |
| 15:51 | Construir | Farm |
| 16:17 | Construir | Mining Camp |
| 16:32 | Construir | Stable |
| 16:52 | Construir | House |
| 16:53 | Construir | House |
| 16:55 | Construir | House |
| 16:57 | Construir | House |
| 17:00 | Construir | House |
| 17:02 | Construir | House |
| 17:06 | Crear | Villager (Male) |
| 17:06 | Crear | Villager (Male) |
| 17:06 | Crear | Villager (Male) |
| 17:07 | Crear | Villager (Male) |
| 17:24 | Construir | Farm |
| 17:24 | Construir | Farm |
| 17:25 | Construir | Farm |
| 17:25 | Construir | Farm |
| 17:25 | Construir | Farm |
| 17:26 | Construir | Farm |
| 17:26 | Construir | Farm |
| 17:26 | Construir | Farm |
| 17:28 | Construir | Farm |
| 17:28 | Construir | Farm |
| 17:29 | Construir | Farm |
| 17:29 | Construir | Farm |
| 17:29 | Construir | Farm |
| 17:31 | Crear | Villager (Male) |
| 17:51 | Construir | Farm |
| 17:51 | Construir | Farm |
| 17:52 | Construir | Farm |
| 17:52 | Construir | Farm |
| 17:54 | Crear | Villager (Male) |
| 17:54 | Crear | Villager (Male) |
| 18:20 | Crear | Battle Elephant ×2 |
| 18:50 | Crear | Battle Elephant |
| 19:11 | Crear | Villager (Male) |
| 19:12 | Crear | Villager (Male) |
| 19:12 | Crear | Villager (Male) |
| 19:32 | Construir | Town Center |
| 19:37 | Crear | Villager (Male) |
| 19:38 | Crear | Villager (Male) |
| 19:38 | Crear | Villager (Male) |
| 19:47 | Crear | Battle Elephant |
| 20:13 | Investigar | Double-Bit Axe |
| 20:13 | Investigar | Double-Bit Axe |
| 20:27 | Construir | Farm |
| 21:23 | Construir | Market |
| 21:39 | Crear | Villager (Male) |
| 21:40 | Crear | Villager (Male) |
| 21:44 | Crear | Battle Elephant ×3 |
| 21:53 | Construir | Farm |
| 21:57 | Construir | Farm |
| 22:13 | Crear | Villager (Male) |
| 22:13 | Crear | Villager (Male) |
| 22:18 | Construir | Farm |
| 22:18 | Construir | Farm |
| 22:18 | Construir | Farm |
| 22:19 | Construir | Farm |
| 22:19 | Construir | Farm |
| 22:28 | Construir | Farm |
| 22:28 | Construir | Farm |
| 22:28 | Construir | Farm |
| 22:28 | Construir | Farm |
| 22:29 | Construir | Farm |
| 22:29 | Construir | Farm |
| 22:36 | Crear | Villager (Male) |
| 22:36 | Crear | Villager (Male) |
| 22:37 | Crear | Villager (Male) |
| 22:51 | Crear | Villager (Male) |
| 22:52 | Crear | Villager (Male) |
| 22:52 | Crear | Villager (Male) |
| 23:15 | Construir | Farm |
| 23:15 | Construir | Farm |
| 23:16 | Construir | Farm |
| 23:16 | Construir | Farm |
| 23:17 | Construir | Farm |
| 23:17 | Construir | Farm |
| 23:17 | Construir | Farm |
| 23:18 | Construir | Farm |
| 23:41 | Construir | Farm |
| 23:41 | Construir | Farm |
| 23:41 | Construir | Farm |
| 24:24 | Construir | Stone Wall |
| 24:38 | Construir | Stone Wall |
| 24:46 | Construir | Stone Wall |
| 25:02 | Crear | Battle Elephant ×5 |
Build order — Moonblossom
132 acciones detectadas en el replay
| 0:07 | Construir | House |
| 0:07 | Crear | Villager (Male) |
| 0:07 | Crear | Villager (Male) |
| 0:07 | Crear | Villager (Male) |
| 0:27 | Crear | Villager (Male) |
| 0:27 | Crear | Villager (Male) |
| 0:30 | Construir | House |
| 0:32 | Construir | House |
| 1:36 | Crear | Villager (Male) |
| 1:36 | Crear | Villager (Male) |
| 1:56 | Construir | Mill |
| 2:20 | Crear | Villager (Male) |
| 2:20 | Crear | Villager (Male) |
| 3:08 | Crear | Villager (Male) |
| 3:08 | Crear | Villager (Male) |
| 3:08 | Crear | Villager (Male) |
| 3:09 | Crear | Villager (Male) |
| 3:39 | Crear | Villager (Male) |
| 3:39 | Crear | Villager (Male) |
| 4:09 | Crear | Villager (Male) |
| 4:10 | Crear | Villager (Male) |
| 4:10 | Crear | Villager (Male) |
| 4:30 | Crear | Villager (Male) |
| 4:31 | Crear | Villager (Male) |
| 5:04 | Crear | Villager (Male) |
| 5:04 | Crear | Villager (Male) |
| 5:04 | Crear | Villager (Male) |
| 5:04 | Crear | Villager (Male) |
| 5:22 | Crear | Villager (Male) |
| 5:23 | Crear | Villager (Male) |
| 5:23 | Crear | Villager (Male) |
| 5:32 | Construir | House |
| 5:33 | Construir | House |
| 5:41 | Crear | Villager (Male) |
| 5:41 | Crear | Villager (Male) |
| 6:09 | Crear | Villager (Male) |
| 6:10 | Crear | Villager (Male) |
| 6:10 | Crear | Villager (Male) |
| 7:54 | Construir | Lumber Camp |
| 8:00 | Crear | Villager (Male) |
| 8:02 | Crear | Villager (Male) |
| 8:28 | Construir | Mining Camp |
| 8:33 | Crear | Villager (Male) |
| 9:40 | Construir | Lumber Camp |
| 9:55 | Construir | Lumber Camp |
| 9:58 | Investigar | Feudal Age |
| 11:51 | Construir | Farm |
| 11:52 | Construir | Farm |
| 11:53 | Construir | Farm |
| 11:55 | Construir | Farm |
| 11:59 | Construir | Farm |
| 12:11 | Investigar | Horse Collar |
| 12:16 | Investigar | Double-Bit Axe |
| 12:26 | Construir | House |
| 12:29 | Construir | House |
| 12:31 | Construir | House |
| 12:35 | Crear | Villager (Male) |
| 12:35 | Crear | Villager (Male) |
| 12:56 | Construir | Blacksmith |
| 13:07 | Construir | Farm |
| 13:09 | Construir | Farm |
| 13:12 | Crear | Villager (Male) |
| 13:23 | Construir | Stone Wall |
| 13:28 | Crear | Villager (Male) |
| 13:42 | Construir | Stone Wall |
| 14:01 | Construir | Stone Wall |
| 14:08 | Crear | Villager (Male) |
| 14:08 | Crear | Villager (Male) |
| 14:24 | Construir | Farm |
| 14:40 | Construir | Farm |
| 14:41 | Construir | Farm |
| 14:43 | Construir | Farm |
| 14:46 | Crear | Villager (Male) |
| 14:47 | Crear | Villager (Male) |
| 14:50 | Investigar | Town Watch |
| 15:02 | Construir | Stone Wall |
| 15:35 | Construir | Building 487 |
| 15:38 | Crear | Villager (Male) |
| 15:38 | Crear | Villager (Male) |
| 15:38 | Crear | Villager (Male) |
| 15:41 | Crear | Villager (Male) |
| 15:49 | Construir | Farm |
| 15:54 | Construir | Farm |
| 15:56 | Construir | Farm |
| 15:58 | Construir | Farm |
| 16:03 | Crear | Villager (Male) |
| 16:09 | Construir | Mining Camp |
| 16:11 | Crear | Villager (Male) |
| 16:26 | Construir | Stone Wall |
| 16:49 | Construir | Mill |
| 16:55 | Construir | Farm |
| 16:57 | Construir | Farm |
| 17:00 | Construir | Farm |
| 17:13 | Crear | Villager (Male) |
| 17:30 | Construir | Farm |
| 17:33 | Crear | Villager (Male) |
| 17:46 | Construir | Farm |
| 18:03 | Construir | Farm |
| 18:46 | Crear | Villager (Male) |
| 18:46 | Crear | Villager (Male) |
| 19:20 | Construir | Market |
| 19:38 | Construir | House |
| 19:40 | Construir | House |
| 19:42 | Construir | House |
| 19:54 | Crear | Villager (Male) |
| 19:55 | Crear | Villager (Male) |
| 20:06 | Investigar | Castle Age |
| 20:27 | Construir | House |
| 20:33 | Investigar | Stone Mining |
| 20:47 | Investigar | Gold Mining |
| 21:43 | Investigar | Forging |
| 21:44 | Investigar | Wheelbarrow |
| 22:03 | Construir | Barracks |
| 22:05 | Construir | Barracks |
| 22:17 | Construir | Building 490 |
| 23:16 | Crear | Villager (Male) |
| 23:16 | Crear | Villager (Male) |
| 23:19 | Investigar | Bow Saw |
| 23:21 | Investigar | Heavy Plow |
| 23:23 | Crear | Villager (Male) |
| 24:06 | Construir | Castle |
| 24:30 | Crear | Villager (Male) |
| 24:34 | Crear | Villager (Male) |
| 24:34 | Crear | Villager (Male) |
| 24:43 | Construir | Town Center |
| 24:53 | Construir | Town Center |
| 25:26 | Construir | Town Center |
| 25:37 | Crear | Villager (Male) |
| 25:37 | Crear | Villager (Male) |
| 25:58 | Crear | Fire Lancer |
| 25:58 | Crear | Fire Lancer |
| 26:33 | Construir | Farm |
Build order — Reywell10
Primeras 150 de 155 acciones detectadas
| 0:17 | Construir | House |
| 0:22 | Construir | House |
| 0:27 | Crear | Villager (Male) |
| 0:27 | Crear | Villager (Male) |
| 0:27 | Crear | Villager (Male) |
| 0:27 | Crear | Villager (Male) |
| 0:28 | Crear | Villager (Male) |
| 0:28 | Crear | Villager (Male) |
| 0:28 | Crear | Villager (Male) |
| 0:31 | Investigar | Loom |
| 2:01 | Crear | Villager (Male) |
| 2:32 | Crear | Villager (Male) |
| 2:53 | Crear | Villager (Male) |
| 2:54 | Crear | Villager (Male) |
| 3:20 | Crear | Villager (Male) |
| 4:03 | Crear | Villager (Male) |
| 4:03 | Crear | Villager (Male) |
| 4:17 | Construir | House |
| 4:19 | Construir | House |
| 4:23 | Construir | House |
| 4:29 | Crear | Villager (Male) |
| 4:30 | Crear | Villager (Male) |
| 5:06 | Crear | Villager (Male) |
| 5:27 | Crear | Villager (Male) |
| 6:43 | Crear | Villager (Male) |
| 6:44 | Crear | Villager (Male) |
| 6:50 | Construir | Mill |
| 8:00 | Crear | Villager (Male) |
| 8:01 | Crear | Villager (Male) |
| 9:01 | Construir | Mining Camp |
| 9:06 | Crear | Villager (Male) |
| 9:07 | Crear | Villager (Male) |
| 9:08 | Crear | Villager (Male) |
| 9:09 | Crear | Villager (Male) |
| 9:09 | Crear | Villager (Male) |
| 9:10 | Crear | Villager (Male) |
| 9:11 | Crear | Villager (Male) |
| 9:20 | Construir | House |
| 9:23 | Construir | House |
| 9:26 | Construir | House |
| 10:26 | Investigar | Feudal Age |
| 10:51 | Construir | Lumber Camp |
| 11:50 | Construir | Mining Camp |
| 12:34 | Construir | Farm |
| 12:43 | Construir | Farm |
| 12:49 | Construir | Farm |
| 12:58 | Construir | Farm |
| 13:07 | Construir | Mill |
| 14:23 | Investigar | Wheelbarrow |
| 14:30 | Investigar | Double-Bit Axe |
| 14:34 | Investigar | Horse Collar |
| 14:37 | Investigar | Stone Mining |
| 14:41 | Investigar | Gold Mining |
| 15:35 | Construir | Farm |
| 15:44 | Crear | Villager (Male) |
| 15:45 | Crear | Villager (Male) |
| 15:46 | Crear | Villager (Male) |
| 15:47 | Crear | Villager (Male) |
| 15:48 | Crear | Villager (Male) |
| 15:49 | Crear | Villager (Male) |
| 15:50 | Crear | Villager (Male) |
| 15:51 | Crear | Villager (Male) |
| 15:54 | Crear | Villager (Male) |
| 15:56 | Crear | Villager (Male) |
| 16:19 | Construir | Farm |
| 17:19 | Construir | Farm |
| 17:27 | Construir | Farm |
| 17:32 | Construir | Farm |
| 17:39 | Construir | Farm |
| 17:48 | Construir | Farm |
| 17:53 | Construir | Farm |
| 18:01 | Construir | Farm |
| 18:10 | Construir | Farm |
| 18:35 | Construir | Farm |
| 18:41 | Construir | Farm |
| 18:56 | Construir | Blacksmith |
| 19:07 | Construir | Market |
| 19:29 | Construir | Farm |
| 19:37 | Construir | Farm |
| 19:52 | Crear | Villager (Male) |
| 19:53 | Crear | Villager (Male) |
| 20:01 | Construir | Farm |
| 20:18 | Crear | Villager (Male) |
| 20:18 | Crear | Villager (Male) |
| 20:19 | Crear | Villager (Male) |
| 20:20 | Crear | Villager (Male) |
| 20:30 | Construir | Farm |
| 20:38 | Investigar | Castle Age |
| 20:48 | Construir | House |
| 20:51 | Construir | House |
| 20:52 | Construir | House |
| 20:59 | Construir | House |
| 21:02 | Construir | House |
| 21:03 | Construir | House |
| 21:43 | Construir | Farm |
| 23:17 | Construir | Barracks |
| 23:22 | Construir | Barracks |
| 23:25 | Construir | Barracks |
| 23:27 | Construir | Barracks |
| 23:32 | Construir | Barracks |
| 24:17 | Construir | Mining Camp |
| 25:12 | Construir | Castle |
| 25:39 | Investigar | Hand Cart |
| 25:43 | Investigar | Heavy Plow |
| 25:48 | Investigar | Stone Shaft Mining |
| 25:52 | Investigar | Bow Saw |
| 27:43 | Investigar | Pikeman (upgrade) |
| 27:52 | Crear | Leitis |
| 27:53 | Crear | Leitis |
| 27:53 | Crear | Leitis |
| 27:53 | Crear | Leitis |
| 27:53 | Crear | Leitis |
| 27:54 | Crear | Leitis |
| 27:54 | Crear | Leitis |
| 27:55 | Crear | Leitis |
| 27:55 | Crear | Leitis |
| 27:56 | Crear | Leitis |
| 27:56 | Crear | Leitis |
| 27:56 | Crear | Leitis |
| 27:58 | Crear | Leitis |
| 27:58 | Crear | Leitis |
| 27:58 | Crear | Leitis |
| 28:05 | Investigar | Imperial Age |
| 28:50 | Investigar | Forging |
| 28:51 | Investigar | Scale Barding Armor |
| 29:36 | Crear | Leitis |
| 29:37 | Crear | Leitis |
| 29:58 | Construir | Castle |
| 30:50 | Investigar | Squires |
| 30:51 | Investigar | Arson |
| 31:13 | Crear | Villager (Male) |
| 31:14 | Crear | Villager (Male) |
| 31:14 | Crear | Villager (Male) |
| 31:14 | Crear | Villager (Male) |
| 31:14 | Crear | Villager (Male) |
| 31:15 | Crear | Villager (Male) |
| 31:15 | Crear | Villager (Male) |
| 31:15 | Crear | Villager (Male) |
| 31:15 | Crear | Villager (Male) |
| 31:16 | Crear | Villager (Male) |
| 31:16 | Crear | Villager (Male) |
| 31:16 | Crear | Villager (Male) |
| 31:17 | Crear | Villager (Male) |
| 31:31 | Construir | Town Center |
| 34:00 | Investigar | Elite Leitis (upgrade) |
| 34:02 | Crear | Leitis |
| 34:02 | Crear | Leitis |
| 34:02 | Crear | Leitis |
| 34:03 | Crear | Leitis |
| 34:03 | Crear | Leitis |
Build order — yoyo_berlin
105 acciones detectadas en el replay
| 0:02 | Crear | Villager (Male) ×4 |
| 0:05 | Construir | House |
| 0:08 | Construir | House |
| 0:26 | Construir | Barracks |
| 1:16 | Crear | Unit 2550 |
| 1:45 | Crear | Villager (Male) |
| 2:41 | Crear | Villager (Male) |
| 3:05 | Crear | Villager (Male) |
| 3:29 | Crear | Villager (Male) |
| 3:33 | Crear | Villager (Male) |
| 3:42 | Construir | House |
| 4:37 | Crear | Villager (Male) |
| 4:50 | Construir | Settlement |
| 5:05 | Crear | Villager (Male) |
| 5:51 | Crear | Villager (Male) |
| 5:55 | Crear | Villager (Male) |
| 6:27 | Crear | Villager (Male) |
| 6:31 | Crear | Unit 2550 |
| 6:54 | Crear | Villager (Male) |
| 7:18 | Crear | Villager (Male) |
| 7:52 | Construir | Settlement |
| 7:57 | Crear | Villager (Male) |
| 8:24 | Crear | Villager (Male) |
| 8:50 | Crear | Villager (Male) |
| 9:21 | Investigar | Feudal Age |
| 11:13 | Construir | Settlement |
| 11:23 | Crear | Villager (Male) |
| 11:24 | Crear | Villager (Male) |
| 12:03 | Crear | Villager (Male) |
| 12:32 | Investigar | Tech 1402 |
| 13:02 | Crear | Villager (Male) |
| 13:03 | Crear | Villager (Male) |
| 13:23 | Construir | Outpost |
| 13:37 | Crear | Villager (Male) |
| 13:52 | Construir | Blacksmith |
| 14:08 | Construir | Outpost |
| 14:14 | Crear | Villager (Male) |
| 14:20 | Construir | Market |
| 14:49 | Construir | Farm |
| 14:55 | Construir | Farm |
| 14:56 | Construir | Farm |
| 14:56 | Construir | Farm |
| 14:57 | Construir | Farm |
| 15:21 | Construir | Farm |
| 15:24 | Crear | Villager (Male) |
| 15:46 | Construir | Outpost |
| 15:49 | Crear | Villager (Male) |
| 16:02 | Construir | Settlement |
| 16:18 | Crear | Villager (Male) |
| 16:42 | Crear | Villager (Male) |
| 17:07 | Crear | Villager (Male) |
| 17:17 | Investigar | Castle Age |
| 17:46 | Construir | Settlement |
| 18:43 | Investigar | Scale Mail Armor |
| 18:43 | Investigar | Forging |
| 19:22 | Investigar | Double-Bit Axe |
| 19:36 | Investigar | Stone Mining |
| 20:05 | Crear | Villager (Male) |
| 20:33 | Construir | Town Center |
| 20:47 | Investigar | Wheelbarrow |
| 21:09 | Investigar | Bow Saw |
| 21:32 | Crear | Villager (Male) |
| 21:54 | Investigar | Town Watch |
| 22:39 | Construir | Castle |
| 22:45 | Construir | Settlement |
| 22:49 | Crear | Villager (Male) |
| 23:00 | Construir | Farm |
| 23:00 | Construir | Farm |
| 23:01 | Construir | Farm |
| 23:07 | Investigar | Horse Collar |
| 23:24 | Crear | Villager (Male) |
| 23:38 | Construir | Farm |
| 23:38 | Construir | Farm |
| 23:39 | Construir | Farm |
| 23:47 | Investigar | Padded Archer Armor |
| 24:02 | Construir | Monastery |
| 24:12 | Construir | Farm |
| 24:16 | Construir | Farm |
| 24:26 | Construir | Farm |
| 24:52 | Crear | Spearman ×5 |
| 25:53 | Construir | Barracks |
| 25:57 | Construir | Barracks |
| 25:59 | Construir | Barracks |
| 26:10 | Investigar | Chain Mail Armor |
| 26:10 | Investigar | Iron Casting |
| 26:55 | Crear | Villager (Male) |
| 27:10 | Crear | Spearman ×2 |
| 27:47 | Construir | Farm |
| 27:47 | Construir | Farm |
| 27:48 | Construir | Farm |
| 28:01 | Investigar | Pikeman (upgrade) |
| 28:10 | Crear | Unit 2579 ×5 |
| 28:15 | Construir | Farm |
| 29:00 | Crear | Unit 2579 ×5 |
| 29:12 | Crear | Spearman ×3 |
| 29:16 | Crear | Monk |
| 29:21 | Crear | Villager (Male) |
| 29:31 | Construir | Town Center |
| 29:57 | Crear | Unit 2579 ×5 |
| 30:45 | Crear | Villager (Male) |
| 30:46 | Crear | Villager (Male) |
| 30:47 | Crear | Villager (Male) |
| 31:02 | Crear | Spearman ×4 |
| 31:07 | Construir | House |
| 33:03 | Crear | Unit 2579 ×5 |
Build order — davidjmartin00
Primeras 150 de 165 acciones detectadas
| 0:03 | Construir | House |
| 0:05 | Construir | House |
| 0:06 | Crear | Villager (Male) |
| 0:06 | Crear | Villager (Male) |
| 0:06 | Crear | Villager (Male) |
| 0:07 | Crear | Villager (Male) |
| 0:27 | Construir | House |
| 1:40 | Crear | Villager (Male) |
| 2:11 | Investigar | Loom |
| 2:29 | Crear | Villager (Male) |
| 2:49 | Crear | Villager (Male) |
| 3:11 | Construir | Lumber Camp |
| 3:17 | Crear | Villager (Male) |
| 3:52 | Crear | Villager (Male) |
| 4:10 | Crear | Villager (Male) |
| 4:55 | Construir | Mill |
| 5:57 | Crear | Villager (Male) |
| 6:39 | Crear | Villager (Male) |
| 7:15 | Crear | Villager (Male) |
| 8:13 | Crear | Villager (Male) |
| 8:36 | Investigar | Feudal Age |
| 9:52 | Construir | House |
| 10:38 | Construir | Mining Camp |
| 11:00 | Investigar | Double-Bit Axe |
| 11:02 | Crear | Villager (Male) |
| 11:03 | Crear | Villager (Male) |
| 11:08 | Construir | Farm |
| 11:13 | Construir | Farm |
| 11:21 | Construir | Farm |
| 11:46 | Construir | Blacksmith |
| 11:56 | Construir | Farm |
| 12:40 | Construir | Farm |
| 12:40 | Construir | Farm |
| 12:52 | Crear | Villager (Male) |
| 12:52 | Crear | Villager (Male) |
| 13:29 | Construir | Market |
| 14:01 | Construir | House |
| 14:11 | Construir | Market |
| 14:17 | Crear | Villager (Male) |
| 14:17 | Crear | Villager (Male) |
| 15:13 | Construir | Farm |
| 15:15 | Crear | Villager (Male) |
| 15:52 | Construir | Farm |
| 15:58 | Crear | Villager (Male) |
| 16:09 | Investigar | Castle Age |
| 16:31 | Construir | Barracks |
| 16:43 | Construir | House |
| 17:08 | Investigar | Gold Mining |
| 18:01 | Crear | Trade Cart |
| 18:17 | Construir | Mining Camp |
| 18:51 | Construir | Farm |
| 18:54 | Construir | Farm |
| 19:07 | Crear | Villager (Male) |
| 19:07 | Crear | Villager (Male) |
| 19:07 | Crear | Villager (Male) |
| 19:29 | Construir | Town Center |
| 20:03 | Crear | Villager (Male) |
| 20:21 | Crear | Villager (Male) |
| 21:05 | Construir | House |
| 21:16 | Crear | Villager (Male) |
| 21:19 | Crear | Villager (Male) |
| 21:19 | Crear | Villager (Male) |
| 21:28 | Crear | Villager (Male) |
| 21:28 | Crear | Villager (Male) |
| 21:28 | Crear | Villager (Male) |
| 21:28 | Crear | Villager (Male) |
| 21:33 | Investigar | Bow Saw |
| 21:53 | Investigar | Wheelbarrow |
| 22:30 | Crear | Villager (Male) |
| 22:30 | Crear | Villager (Male) |
| 22:39 | Crear | Villager (Male) |
| 22:40 | Crear | Villager (Male) |
| 23:22 | Crear | Trade Cart |
| 23:22 | Crear | Trade Cart |
| 23:57 | Crear | Villager (Male) |
| 23:57 | Crear | Villager (Male) |
| 24:12 | Construir | House |
| 24:15 | Construir | House |
| 24:33 | Construir | Monastery |
| 24:44 | Construir | Stable |
| 25:17 | Crear | Villager (Male) |
| 25:17 | Crear | Villager (Male) |
| 25:17 | Crear | Villager (Male) |
| 25:32 | Construir | House |
| 25:33 | Construir | House |
| 25:36 | Construir | House |
| 25:53 | Construir | Stable |
| 25:55 | Crear | Monk |
| 26:30 | Construir | Mining Camp |
| 26:42 | Crear | Villager (Male) |
| 26:42 | Crear | Villager (Male) |
| 26:42 | Crear | Villager (Male) |
| 26:43 | Crear | Villager (Male) |
| 27:07 | Construir | Castle |
| 27:32 | Crear | Villager (Male) |
| 27:33 | Crear | Villager (Male) |
| 27:33 | Crear | Villager (Male) |
| 27:33 | Crear | Villager (Male) |
| 27:53 | Crear | Knight |
| 27:53 | Crear | Knight |
| 27:53 | Crear | Knight |
| 27:53 | Crear | Knight |
| 27:54 | Crear | Knight |
| 27:54 | Crear | Knight |
| 27:54 | Crear | Knight |
| 27:54 | Crear | Knight |
| 27:55 | Crear | Knight |
| 27:55 | Crear | Knight |
| 28:10 | Construir | House |
| 28:12 | Construir | House |
| 28:14 | Construir | House |
| 28:16 | Construir | House |
| 28:18 | Construir | House |
| 28:20 | Construir | House |
| 28:21 | Construir | House |
| 28:23 | Construir | House |
| 28:25 | Construir | House |
| 28:47 | Crear | Villager (Male) |
| 28:48 | Crear | Villager (Male) |
| 28:48 | Crear | Villager (Male) |
| 28:48 | Crear | Villager (Male) |
| 28:48 | Crear | Villager (Male) |
| 29:09 | Construir | Stable |
| 29:10 | Construir | Stable |
| 29:13 | Construir | Stable |
| 29:58 | Construir | University |
| 30:03 | Crear | Throwing Axeman |
| 30:03 | Crear | Throwing Axeman |
| 30:03 | Crear | Throwing Axeman |
| 30:03 | Crear | Throwing Axeman |
| 30:04 | Crear | Throwing Axeman |
| 30:04 | Crear | Throwing Axeman |
| 30:04 | Crear | Throwing Axeman |
| 30:04 | Crear | Throwing Axeman |
| 30:05 | Crear | Throwing Axeman |
| 30:05 | Crear | Throwing Axeman |
| 30:05 | Crear | Throwing Axeman |
| 30:06 | Crear | Throwing Axeman |
| 30:44 | Construir | Farm |
| 30:45 | Construir | Farm |
| 30:45 | Construir | Farm |
| 30:46 | Construir | Farm |
| 31:08 | Crear | Trade Cart |
| 31:08 | Crear | Trade Cart |
| 31:08 | Crear | Trade Cart |
| 31:20 | Crear | Villager (Male) |
| 31:20 | Crear | Villager (Male) |
| 31:21 | Crear | Villager (Male) |
| 31:21 | Crear | Villager (Male) |
| 31:29 | Crear | Villager (Male) |
Build order — vasquezrlf
Primeras 150 de 329 acciones detectadas
| 0:17 | Construir | House |
| 0:23 | Crear | Villager (Male) |
| 0:23 | Crear | Villager (Male) |
| 0:24 | Crear | Villager (Male) |
| 0:24 | Crear | Villager (Male) |
| 0:24 | Crear | Villager (Male) |
| 0:24 | Crear | Villager (Male) |
| 0:53 | Construir | House |
| 0:57 | Construir | House |
| 1:00 | Construir | House |
| 1:04 | Construir | House |
| 1:08 | Construir | House |
| 2:18 | Crear | Villager (Male) |
| 2:18 | Crear | Villager (Male) |
| 2:44 | Crear | Villager (Male) |
| 3:01 | Crear | Villager (Male) |
| 3:01 | Crear | Villager (Male) |
| 4:32 | Crear | Villager (Male) |
| 4:33 | Crear | Villager (Male) |
| 4:33 | Crear | Villager (Male) |
| 4:33 | Crear | Villager (Male) |
| 4:33 | Crear | Villager (Male) |
| 5:50 | Crear | Villager (Male) |
| 5:50 | Crear | Villager (Male) |
| 5:51 | Crear | Villager (Male) |
| 5:51 | Crear | Villager (Male) |
| 5:51 | Crear | Villager (Male) |
| 6:34 | Crear | Villager (Male) |
| 6:34 | Crear | Villager (Male) |
| 6:35 | Crear | Villager (Male) |
| 7:28 | Construir | Lumber Camp |
| 7:55 | Construir | Mining Camp |
| 8:31 | Construir | Mill |
| 9:01 | Investigar | Feudal Age |
| 10:11 | Crear | Villager (Male) |
| 10:12 | Crear | Villager (Male) |
| 10:12 | Crear | Villager (Male) |
| 10:12 | Crear | Villager (Male) |
| 10:12 | Crear | Villager (Male) |
| 11:33 | Construir | Farm |
| 11:44 | Construir | Farm |
| 11:52 | Construir | Farm |
| 11:58 | Construir | Farm |
| 12:06 | Crear | Villager (Male) |
| 12:06 | Crear | Villager (Male) |
| 12:06 | Crear | Villager (Male) |
| 12:06 | Crear | Villager (Male) |
| 12:19 | Construir | Farm |
| 12:24 | Construir | Farm |
| 12:30 | Construir | Farm |
| 12:37 | Construir | Farm |
| 12:59 | Construir | Market |
| 13:07 | Construir | Blacksmith |
| 13:27 | Construir | Farm |
| 13:34 | Construir | Farm |
| 13:56 | Construir | Farm |
| 14:21 | Construir | Barracks |
| 14:46 | Construir | Farm |
| 14:53 | Construir | Farm |
| 14:56 | Investigar | Double-Bit Axe |
| 15:28 | Investigar | Castle Age |
| 15:57 | Construir | Stable |
| 16:01 | Construir | Stable |
| 16:06 | Construir | Stable |
| 16:15 | Investigar | Horse Collar |
| 16:19 | Investigar | Scale Barding Armor |
| 16:28 | Crear | Villager (Male) |
| 16:29 | Crear | Villager (Male) |
| 16:29 | Crear | Villager (Male) |
| 16:29 | Crear | Villager (Male) |
| 16:29 | Crear | Villager (Male) |
| 16:29 | Crear | Villager (Male) |
| 16:30 | Crear | Villager (Male) |
| 17:27 | Construir | Stable |
| 17:31 | Construir | Stable |
| 17:49 | Construir | Stable |
| 17:54 | Construir | Stable |
| 18:14 | Investigar | Husbandry |
| 18:15 | Crear | Knight |
| 18:15 | Crear | Knight |
| 18:15 | Crear | Knight |
| 18:15 | Crear | Knight |
| 18:16 | Crear | Knight |
| 18:16 | Crear | Knight |
| 18:16 | Crear | Knight |
| 18:16 | Crear | Knight |
| 18:16 | Crear | Knight |
| 18:17 | Crear | Knight |
| 18:17 | Crear | Knight |
| 18:32 | Investigar | Bow Saw |
| 18:35 | Investigar | Heavy Plow |
| 18:38 | Investigar | Gold Mining |
| 18:45 | Construir | House |
| 18:48 | Construir | House |
| 18:52 | Construir | House |
| 18:55 | Construir | House |
| 18:58 | Construir | House |
| 19:01 | Construir | House |
| 19:16 | Crear | Knight |
| 19:17 | Crear | Knight |
| 19:17 | Crear | Knight |
| 19:17 | Crear | Knight |
| 19:17 | Crear | Knight |
| 19:18 | Crear | Knight |
| 19:18 | Crear | Knight |
| 19:18 | Crear | Knight |
| 19:18 | Crear | Knight |
| 19:19 | Crear | Knight |
| 19:19 | Crear | Knight |
| 19:19 | Crear | Knight |
| 19:19 | Crear | Knight |
| 19:19 | Crear | Knight |
| 19:20 | Crear | Knight |
| 19:20 | Crear | Knight |
| 19:20 | Crear | Knight |
| 19:32 | Construir | House |
| 19:38 | Construir | House |
| 19:42 | Construir | House |
| 19:47 | Construir | House |
| 19:50 | Construir | House |
| 19:58 | Crear | Knight |
| 19:59 | Crear | Knight |
| 19:59 | Crear | Knight |
| 19:59 | Crear | Knight |
| 19:59 | Crear | Knight |
| 20:24 | Construir | House |
| 20:28 | Construir | House |
| 20:32 | Construir | House |
| 20:35 | Construir | House |
| 20:40 | Investigar | Chain Barding Armor |
| 21:06 | Construir | House |
| 21:10 | Construir | House |
| 21:13 | Construir | House |
| 21:15 | Construir | House |
| 21:18 | Construir | House |
| 21:23 | Crear | Villager (Male) |
| 21:23 | Crear | Villager (Male) |
| 21:23 | Crear | Villager (Male) |
| 21:23 | Crear | Villager (Male) |
| 21:24 | Crear | Villager (Male) |
| 21:24 | Crear | Villager (Male) |
| 21:24 | Crear | Villager (Male) |
| 21:55 | Crear | Knight |
| 21:55 | Crear | Knight |
| 21:55 | Crear | Knight |
| 21:55 | Crear | Knight |
| 21:56 | Crear | Knight |
| 21:56 | Crear | Knight |
| 21:56 | Crear | Knight |
| 21:56 | Crear | Knight |
Build order — waqarulhaq129
Primeras 150 de 169 acciones detectadas
| 0:13 | Construir | House |
| 0:20 | Crear | Villager (Male) ×4 |
| 0:50 | Construir | House |
| 1:51 | Crear | Villager (Male) |
| 1:52 | Crear | Villager (Male) |
| 2:13 | Crear | Villager (Male) |
| 2:35 | Crear | Villager (Male) |
| 2:35 | Crear | Villager (Male) |
| 2:59 | Crear | Villager (Male) |
| 2:59 | Crear | Villager (Male) |
| 2:59 | Crear | Villager (Male) |
| 3:51 | Crear | Villager (Male) |
| 3:51 | Crear | Villager (Male) |
| 3:51 | Crear | Villager (Male) |
| 4:08 | Construir | House |
| 4:24 | Construir | Mill |
| 4:46 | Crear | Villager (Male) |
| 4:46 | Crear | Villager (Male) |
| 4:46 | Crear | Villager (Male) |
| 4:47 | Crear | Villager (Male) |
| 4:52 | Construir | House |
| 5:51 | Crear | Villager (Male) |
| 5:52 | Crear | Villager (Male) |
| 7:15 | Construir | Lumber Camp |
| 7:32 | Crear | Villager (Male) |
| 7:33 | Crear | Villager (Male) |
| 7:33 | Crear | Villager (Male) |
| 8:31 | Construir | House |
| 8:38 | Investigar | Feudal Age |
| 8:53 | Construir | Mining Camp |
| 9:19 | Construir | House |
| 10:04 | Construir | Barracks |
| 11:06 | Construir | Stone Wall |
| 11:38 | Investigar | Double-Bit Axe |
| 11:42 | Investigar | Horse Collar |
| 11:44 | Crear | Villager (Male) |
| 11:44 | Crear | Villager (Male) |
| 11:45 | Crear | Villager (Male) |
| 11:46 | Crear | Villager (Male) |
| 11:46 | Crear | Villager (Male) |
| 11:46 | Crear | Villager (Male) |
| 11:47 | Crear | Villager (Male) |
| 11:47 | Crear | Villager (Male) |
| 12:17 | Construir | Mining Camp |
| 12:50 | Crear | Villager (Male) |
| 12:50 | Crear | Villager (Male) |
| 12:50 | Crear | Villager (Male) |
| 13:03 | Construir | Stable |
| 13:10 | Construir | Archery Range |
| 13:19 | Crear | Villager (Male) |
| 13:19 | Crear | Villager (Male) |
| 13:37 | Construir | Farm |
| 14:08 | Construir | Farm |
| 14:15 | Construir | Farm |
| 14:21 | Construir | Farm |
| 14:27 | Construir | Farm |
| 14:33 | Construir | Farm |
| 14:39 | Construir | Farm |
| 14:49 | Construir | Farm |
| 15:09 | Construir | Stone Wall |
| 15:47 | Construir | Stone Wall |
| 15:59 | Construir | Stone Wall |
| 16:13 | Crear | Villager (Male) |
| 16:13 | Crear | Villager (Male) |
| 16:13 | Crear | Villager (Male) |
| 16:13 | Crear | Villager (Male) |
| 16:14 | Crear | Villager (Male) |
| 16:14 | Crear | Villager (Male) |
| 16:26 | Construir | House |
| 16:28 | Construir | House |
| 16:29 | Construir | House |
| 16:33 | Construir | House |
| 16:34 | Construir | House |
| 16:35 | Construir | House |
| 16:38 | Construir | House |
| 16:47 | Construir | Farm |
| 17:12 | Construir | Market |
| 17:16 | Construir | Blacksmith |
| 17:46 | Investigar | Gold Mining |
| 17:46 | Investigar | Stone Mining |
| 18:42 | Construir | Stone Wall |
| 19:05 | Construir | Building 490 |
| 19:23 | Construir | Stone Wall |
| 19:37 | Construir | Stone Wall |
| 19:42 | Crear | Villager (Male) |
| 19:42 | Crear | Villager (Male) |
| 19:42 | Crear | Villager (Male) |
| 20:53 | Crear | Trade Cart |
| 20:53 | Crear | Trade Cart |
| 20:53 | Crear | Trade Cart |
| 20:53 | Crear | Trade Cart |
| 20:54 | Crear | Trade Cart |
| 20:54 | Crear | Trade Cart |
| 20:54 | Crear | Trade Cart |
| 21:11 | Crear | Archer |
| 21:11 | Crear | Archer |
| 21:12 | Crear | Archer |
| 21:12 | Crear | Archer |
| 21:12 | Crear | Archer |
| 21:12 | Crear | Archer |
| 21:13 | Crear | Archer |
| 21:32 | Construir | Farm |
| 21:39 | Construir | Farm |
| 22:08 | Construir | Lumber Camp |
| 22:14 | Crear | Villager (Male) |
| 22:14 | Crear | Villager (Male) |
| 22:14 | Crear | Villager (Male) |
| 22:28 | Construir | Stone Wall |
| 22:57 | Construir | Archery Range |
| 23:00 | Construir | Archery Range |
| 23:39 | Investigar | Loom |
| 23:41 | Investigar | Castle Age |
| 23:56 | Construir | Farm |
| 23:58 | Construir | Farm |
| 24:03 | Construir | Farm |
| 24:23 | Crear | Archer ×2 |
| 24:28 | Crear | Skirmisher ×5 |
| 24:35 | Crear | Spearman ×3 |
| 25:01 | Crear | Archer ×2 |
| 25:09 | Construir | Mining Camp |
| 27:34 | Construir | Town Center |
| 27:40 | Construir | Town Center |
| 27:45 | Crear | Villager (Male) |
| 28:34 | Construir | Siege Workshop |
| 28:38 | Construir | Barracks |
| 28:40 | Investigar | Pikeman (upgrade) |
| 28:41 | Investigar | Squires |
| 28:42 | Investigar | Arson |
| 28:47 | Crear | Knight ×5 |
| 29:13 | Construir | Stone Wall |
| 29:46 | Crear | Spearman |
| 29:46 | Crear | Spearman |
| 29:46 | Crear | Spearman |
| 29:47 | Crear | Spearman |
| 29:47 | Crear | Spearman |
| 29:47 | Crear | Spearman |
| 29:48 | Crear | Spearman |
| 29:52 | Crear | Spearman |
| 29:52 | Crear | Spearman |
| 29:52 | Crear | Spearman |
| 29:52 | Crear | Spearman |
| 30:18 | Crear | Villager (Male) |
| 30:25 | Construir | Farm |
| 30:27 | Construir | Farm |
| 30:28 | Construir | Farm |
| 30:37 | Crear | Villager (Male) ×5 |
| 31:08 | Construir | Stone Wall |
| 31:38 | Crear | Spearman ×5 |
| 31:38 | Crear | Spearman ×5 |
| 31:44 | Construir | House |
Cronología de la partida
| 0:26 | yoyo_berlin · first_building Barracks |
| 10:04 | waqarulhaq129 · first_building Barracks |
| 11:06 | waqarulhaq129 · wall_segment Stone Wall x9 |
| 11:22 | DOMINIVM97 · first_building Barracks |
| 12:02 | G.Best · first_building Barracks |
| 13:03 | waqarulhaq129 · first_building Stable |
| 13:10 | waqarulhaq129 · first_building Archery Range |
| 13:23 | Moonblossom · wall_segment Stone Wall x9 |
| 13:42 | Moonblossom · wall_segment Stone Wall x13 |
| 13:46 | G.Best · first_building Stable |
| 14:01 | Moonblossom · wall_segment Stone Wall x15 |
| 14:21 | vasquezrlf · first_building Barracks |
| 15:02 | Moonblossom · wall_segment Stone Wall x25 |
| 15:09 | waqarulhaq129 · wall_segment Stone Wall x10 |
| 15:47 | waqarulhaq129 · wall_segment Stone Wall x6 |
| 15:57 | vasquezrlf · first_building Stable |
| 15:59 | waqarulhaq129 · wall_segment Stone Wall x15 |
| 16:26 | Moonblossom · wall_segment Stone Wall x1 |
| 16:31 | davidjmartin00 · first_building Barracks |
| 17:16 | yoyo_berlin · first_market_buy 100 food |
| 17:23 | DOMINIVM97 · first_market_buy 100 food |
| 18:24 | DOMINIVM97 · wall_segment Stone Wall x13 |
| 18:29 | DOMINIVM97 · wall_segment Stone Wall x9 |
| 18:42 | waqarulhaq129 · wall_segment Stone Wall x19 |
| 18:58 | DOMINIVM97 · first_market_sell 100 wood |
| 19:23 | waqarulhaq129 · wall_segment Stone Wall x9 |
| 19:37 | waqarulhaq129 · wall_segment Stone Wall x26 |
| 22:03 | Moonblossom · first_building Barracks |
| 22:23 | G.Best · first_market_buy 100 wood |
| 22:28 | waqarulhaq129 · wall_segment Stone Wall x13 |
| 22:39 | yoyo_berlin · first_building Castle |
| 23:17 | Reywell10 · first_building Barracks |
| 23:36 | waqarulhaq129 · first_market_sell 100 wood |
| 23:45 | DOMINIVM97 · first_building Monastery |
| 24:02 | yoyo_berlin · first_building Monastery |
| 24:06 | Moonblossom · first_building Castle |
| 24:24 | G.Best · wall_segment Stone Wall x12 |
| 24:33 | davidjmartin00 · first_building Monastery |
| 24:38 | G.Best · wall_segment Stone Wall x11 |
| 24:44 | davidjmartin00 · first_building Stable |
| 24:46 | G.Best · wall_segment Stone Wall x16 |
| 25:06 | Moonblossom · first_market_buy 100 wood |
| 25:12 | Reywell10 · first_building Castle |
| 26:25 | DOMINIVM97 · resign |
| 27:02 | G.Best · wall_segment Stone Wall x18 |
| 27:07 | davidjmartin00 · first_building Castle |
| 28:34 | waqarulhaq129 · first_building Siege Workshop |
| 29:08 | G.Best · wall_segment Stone Wall x8 |
| 29:13 | waqarulhaq129 · wall_segment Stone Wall x6 |
| 29:15 | G.Best · wall_segment Stone Wall x12 |
| 29:20 | G.Best · wall_segment Stone Wall x7 |
| 29:21 | G.Best · wall_segment Stone Wall x2 |
| 31:08 | waqarulhaq129 · wall_segment Stone Wall x1 |
| 32:54 | G.Best · first_building Monastery |
| 33:28 | davidjmartin00 · first_market_buy 100 food |
| 35:28 | G.Best · wall_segment Stone Wall x12 |
[ ANÁLISIS IA · 1 CRÉDITO ]
¿Qué pasó realmente en esta partida?
Wolo.gg analiza cada decisión: build order, eco, micro, errores típicos por bracket. Análisis personalizado por WhatsApp o Discord en 30 segundos.
Guía civ
Españoles
Perfil
Jugador #8050686